| TOP OF THE 1ST |
|
Auburn Doubledays batting - Pitching for Boise Hawks : LHP Marc Eismann
|
|
Pitching: LHP Marc Eismann
|
|
|
Batting: RHB John Savard
|
0-0: Ground out 4-3 (Groundball, 4, EV 106.9 MPH)
|
|
Batting: SHB Gabe Fraunfelder
|
0-0: Foul Ball, location: 2F 0-1: Called Strike 0-2: Ball 1-2: Foul Ball, location: 2F 1-2: Foul Ball, location: 2F 1-2: Ball 2-2: Foul Ball, location: 2F 2-2: Ball 3-2: Foul Ball, location: 2F 3-2: Fly out, F8 (Flyball, 8LD, EV 108.1 MPH)
|
|
Batting: LHB Kyung-jin Cho
|
0-0: Reached via error on a dropped throw from 1B, E1 (Groundball, 34, EV 82.5 MPH)
|
|
Batting: RHB Nick Moreno
|
0-0: Ball 1-0: Swinging Strike 1-1: Foul Ball, location: 2F 1-2: Ground out 6-3 (Groundball, 6S, EV 65.6 MPH)
|
| Top of the 1st over - 0 runs, 0 hits, 1 error, 1 left on base; Auburn 0 - Boise 0 |
| BOTTOM OF THE 1ST |
|
Boise Hawks batting - Pitching for Auburn Doubledays : RHP Matt Seivert
|
|
Pitching: RHP Matt Seivert
|
|
|
Batting: LHB Steve Gilliam
|
0-0: Ball 1-0: Fly out, F9 (Flyball, 9D, EV 101.9 MPH)
|
|
Batting: LHB Mike Clark
|
0-0: Hit by Pitch
|
|
Batting: LHB Chris Salim
|
0-0: Called Strike Mike Clark steals 2nd base 0-1: Ball 1-1: Ball 2-1: Ground out 3-1 (Groundball, 34, EV 101.2 MPH) Mike Clark to third
|
|
Batting: SHB Morgan Batson
|
0-0: Called Strike 0-1: Called Strike 0-2: Foul Ball, location: 2F 0-2: Ball 1-2: Ball 2-2: Foul Ball, location: 2F 2-2: SINGLE (Groundball, 4MD, EV 110.0 MPH) Mike Clark scores
|
|
Batting: LHB Jeremy Brammer
|
0-0: Called Strike 0-1: Foul Ball, location: 2F 0-2: Fielders Choice at 2nd, 6-4 (Groundball, 6, EV 106.9 MPH)
|
| Bottom of the 1st over - 1 run, 1 hit, 0 errors, 1 left on base; Auburn 0 - Boise 1 |
| TOP OF THE 2ND |
|
Auburn Doubledays batting - Pitching for Boise Hawks : LHP Marc Eismann
|
|
Batting: RHB Steve Bauman
|
0-0: Foul Ball, location: 2F 0-1: Swinging Strike 0-2: Ground out 5-3 (Groundball, 15, EV 85.6 MPH)
|
|
Batting: SHB Curtis DeLille
|
0-0: Called Strike 0-1: Ball 1-1: Ball 2-1: Called Strike 2-2: Ball 3-2: Base on Balls
|
|
Batting: RHB Gabe Almazan
|
0-0: Foul Ball, location: 2F 0-1: Called Strike 0-2: Strikes out looking
|
|
Batting: LHB Yoshiya Kurokawa
|
0-0: Ball 1-0: Foul Ball, location: 2F 1-1: Foul Ball, location: 2F 1-2: Ball 2-2: Ball 3-2: Ground out 5-3 (Groundball, 56S, EV 82.5 MPH)
|
| Top of the 2nd over - 0 runs, 0 hits, 0 errors, 1 left on base; Auburn 0 - Boise 1 |
| BOTTOM OF THE 2ND |
|
Boise Hawks batting - Pitching for Auburn Doubledays : RHP Matt Seivert
|
|
Batting: LHB Eric Zacher
|
0-0: Ground out U3 (Groundball, 3S, EV 87.5 MPH)
|
|
Batting: RHB Josh Martin
|
0-0: Ball 1-0: Ball 2-0: SINGLE (Line Drive, 8LS, EV 100.6 MPH)
|
|
Batting: RHB Chris Kinder
|
0-0: Called Strike 0-1: DOUBLE (Groundball, 5L, EV 109.4 MPH) Josh Martin to third
|
|
Batting: RHB Matt Cone
|
0-0: Called Strike 0-1: Foul Ball, location: 2F 0-2: Ball Wild Pitch! Josh Martin scores Chris Kinder to third 1-2: Ground out 4-3 (Groundball, 34, EV 91.9 MPH) Chris Kinder scores
|
|
Batting: LHB Steve Gilliam
|
0-0: Ball 1-0: Ball 2-0: Called Strike 2-1: SINGLE (Groundball, 25, EV 66.2 MPH) (infield hit)
|
|
Batting: LHB Mike Clark
|
0-0: Ball Steve Gilliam steals 2nd base 1-0: Fly out, F4 (Popup, 13S, EV 85.0 MPH)
|
| Bottom of the 2nd over - 2 runs, 3 hits, 0 errors, 1 left on base; Auburn 0 - Boise 3 |
| TOP OF THE 3RD |
|
Auburn Doubledays batting - Pitching for Boise Hawks : LHP Marc Eismann
|
|
Batting: LHB Adam Jacobs
|
0-0: Ball 1-0: Called Strike 1-1: Ball 2-1: Swinging Strike 2-2: Ball 3-2: Strikes out swinging
|
|
Batting: RHB John Savard
|
0-0: Ball 1-0: Fly out, F8 (Flyball, 8LD, EV 98.1 MPH)
|
|
Batting: SHB Gabe Fraunfelder
|
0-0: Fly out, F2 (Popup, 2RF, EV 96.2 MPH)
|
| Top of the 3rd over - 0 runs, 0 hits, 0 errors, 0 left on base; Auburn 0 - Boise 3 |
| BOTTOM OF THE 3RD |
|
Boise Hawks batting - Pitching for Auburn Doubledays : RHP Matt Seivert
|
|
Batting: LHB Chris Salim
|
0-0: Ball 1-0: Foul Ball, location: 2F 1-1: Called Strike 1-2: Foul Ball, location: 2F 1-2: Strikes out swinging
|
|
Batting: SHB Morgan Batson
|
0-0: Ball 1-0: Called Strike 1-1: Ball 2-1: Ball 3-1: Swinging Strike 3-2: Foul Ball, location: 2F 3-2: Foul Ball, location: 2F 3-2: Base on Balls
|
|
Batting: LHB Jeremy Brammer
|
Pickoff Throw to First - Out! 1-3 CS 0-0: Swinging Strike 0-1: Ball 1-1: Ball 2-1: Ball 3-1: Base on Balls
|
|
Batting: LHB Eric Zacher
|
0-0: Ball 1-0: Ball 2-0: Called Strike 2-1: 2-RUN HOME RUN (Flyball, 7D, EV 93.1 MPH), Distance : 366 ft
|
|
Pitching: RHP Chris Lawrence
|
|
|
Batting: RHB Josh Martin
|
0-0: Called Strike 0-1: Ball 1-1: Foul Ball, location: 2F 1-2: Fly out, F3 (Popup, 3S, EV 84.4 MPH)
|
| Bottom of the 3rd over - 2 runs, 1 hit, 0 errors, 0 left on base; Auburn 0 - Boise 5 |
| TOP OF THE 4TH |
|
Auburn Doubledays batting - Pitching for Boise Hawks : LHP Marc Eismann
|
|
Batting: LHB Kyung-jin Cho
|
0-0: Called Strike 0-1: Ball 1-1: Ground out 4-3 (Groundball, 4MD, EV 86.9 MPH)
|
|
Batting: RHB Nick Moreno
|
0-0: Ball 1-0: Called Strike 1-1: Ball 2-1: Foul Ball, location: 2F 2-2: Ball 3-2: Foul Ball, location: 2F 3-2: Foul Ball, location: 2F 3-2: Base on Balls
|
|
Batting: RHB Steve Bauman
|
0-0: Ball 1-0: Called Strike 1-1: Swinging Strike 1-2: Foul Ball, location: 2F 1-2: Strikes out swinging
|
|
Batting: SHB Curtis DeLille
|
0-0: Called Strike 0-1: Ball 1-1: Called Strike 1-2: Strikes out swinging
|
| Top of the 4th over - 0 runs, 0 hits, 0 errors, 1 left on base; Auburn 0 - Boise 5 |
| BOTTOM OF THE 4TH |
|
Boise Hawks batting - Pitching for Auburn Doubledays : RHP Chris Lawrence
|
|
Batting: RHB Chris Kinder
|
0-0: Ball 1-0: Ball 2-0: Foul Ball, location: 2F 2-1: Ball 3-1: Foul Ball, location: 2F 3-2: Foul Ball, location: 2F 3-2: Strikes out swinging
|
|
Batting: RHB Matt Cone
|
0-0: Ball 1-0: Called Strike 1-1: Fly out, F7 (Flyball, 7D, EV 96.2 MPH)
|
|
Batting: LHB Steve Gilliam
|
0-0: Ball 1-0: Ball 2-0: Foul Ball, location: 2F 2-1: Ground out 4-3 (Groundball, 34D, EV 85.6 MPH)
|
| Bottom of the 4th over - 0 runs, 0 hits, 0 errors, 0 left on base; Auburn 0 - Boise 5 |
| TOP OF THE 5TH |
|
Auburn Doubledays batting - Pitching for Boise Hawks : LHP Marc Eismann
|
|
Batting: RHB Gabe Almazan
|
0-0: Ball 1-0: Swinging Strike 1-1: Foul Ball, location: 2F 1-2: Foul Ball, location: 2F 1-2: Strikes out looking
|
|
Batting: LHB Yoshiya Kurokawa
|
0-0: Called Strike 0-1: Ball 1-1: Called Strike 1-2: Foul Ball, location: 2F 1-2: Ball 2-2: Strikes out swinging
|
|
Batting: LHB Adam Jacobs
|
0-0: Called Strike 0-1: SINGLE (Groundball, 6M, EV 102.5 MPH)
|
|
Pitching: RHP Zach Sommer
|
|
|
Batting: RHB John Savard
|
0-0: Called Strike 0-1: Ball 1-1: Foul Ball, location: 2F 1-2: SINGLE (Line Drive, 34D, EV 98.8 MPH) Adam Jacobs to second
|
|
Batting: SHB Gabe Fraunfelder
|
0-0: Foul Ball, location: 2F 0-1: Ball 1-1: Swinging Strike 1-2: Ball 2-2: Strikes out swinging
|
| Top of the 5th over - 0 runs, 2 hits, 0 errors, 2 left on base; Auburn 0 - Boise 5 |
| BOTTOM OF THE 5TH |
|
Boise Hawks batting - Pitching for Auburn Doubledays : RHP Chris Lawrence
|
|
Batting: LHB Mike Clark
|
0-0: Ball 1-0: Swinging Strike 1-1: Swinging Strike 1-2: Ball 2-2: Strikes out looking
|
|
Batting: LHB Chris Salim
|
0-0: Ball 1-0: Swinging Strike 1-1: Called Strike 1-2: Ball 2-2: SOLO HOME RUN (Flyball, 7LD, EV 93.8 MPH), Distance : 342 ft
|
|
Batting: SHB Morgan Batson
|
0-0: Called Strike 0-1: Ground out U3 (Groundball, 34S, EV 85.6 MPH)
|
|
Batting: LHB Jeremy Brammer
|
0-0: Fly out, F7 (Flyball, 78M, EV 90.6 MPH)
|
| Bottom of the 5th over - 1 run, 1 hit, 0 errors, 0 left on base; Auburn 0 - Boise 6 |
| TOP OF THE 6TH |
|
Auburn Doubledays batting - Pitching for Boise Hawks : RHP Zach Sommer
|
|
Batting: LHB Kyung-jin Cho
|
0-0: Called Strike 0-1: Ball 1-1: Swinging Strike 1-2: Ball 2-2: Ball 3-2: Ground out 4-3 (Groundball, 4S, EV 68.8 MPH)
|
|
Batting: RHB Nick Moreno
|
0-0: Ball 1-0: Ball 2-0: Foul Ball, location: 2F 2-1: Fly out, F9 (Flyball, 89D, EV 90.0 MPH)
|
|
Batting: RHB Steve Bauman
|
0-0: Ball 1-0: Ball 2-0: Fly out, F7 (Flyball, 7, EV 89.4 MPH)
|
| Top of the 6th over - 0 runs, 0 hits, 0 errors, 0 left on base; Auburn 0 - Boise 6 |
| BOTTOM OF THE 6TH |
|
Boise Hawks batting - Pitching for Auburn Doubledays : RHP Chris Lawrence
|
|
Batting: LHB Eric Zacher
|
0-0: Called Strike 0-1: Ball 1-1: Swinging Strike 1-2: Ground out 4-3 (Groundball, 34D, EV 105.0 MPH)
|
|
Batting: RHB Josh Martin
|
0-0: Ball 1-0: Ground out 6-3 (Groundball, 6, EV 91.9 MPH)
|
|
Batting: RHB Chris Kinder
|
0-0: Called Strike 0-1: Ball 1-1: Called Strike 1-2: Hit by Pitch
|
|
Batting: RHB Matt Cone
|
0-0: Ball 1-0: Ball 2-0: Foul Ball, location: 2F 2-1: Foul Ball, location: 2F 2-2: Foul Ball, location: 2F 2-2: Foul Ball, location: 2F 2-2: Strikes out looking
|
| Bottom of the 6th over - 0 runs, 0 hits, 0 errors, 1 left on base; Auburn 0 - Boise 6 |
| TOP OF THE 7TH |
|
Auburn Doubledays batting - Pitching for Boise Hawks : RHP Zach Sommer
|
|
Batting: SHB Curtis DeLille
|
0-0: Foul Ball, location: 2F 0-1: Fly out, F7 (Flyball, 78M, EV 85.6 MPH)
|
|
Batting: RHB Gabe Almazan
|
0-0: Called Strike 0-1: Ball 1-1: Foul Ball, location: 2F 1-2: Strikes out swinging
|
|
Batting: LHB Yoshiya Kurokawa
|
0-0: Fly out, F9 (Flyball, 9D, EV 94.4 MPH)
|
| Top of the 7th over - 0 runs, 0 hits, 0 errors, 0 left on base; Auburn 0 - Boise 6 |
| BOTTOM OF THE 7TH |
|
Boise Hawks batting - Pitching for Auburn Doubledays : RHP Chris Lawrence
|
|
Pitching: RHP Caleb Westbay
|
|
|
Batting: LHB Steve Gilliam
|
0-0: Called Strike 0-1: Ball 1-1: Foul Ball, location: 2F 1-2: DOUBLE (Line Drive, 9LS, EV 98.8 MPH)
|
|
Batting: LHB Mike Clark
|
0-0: Ball 1-0: Reached on error, E5 (Groundball, 56, EV 91.9 MPH) Steve Gilliam to third
|
|
Batting: LHB Chris Salim
|
0-0: Called Strike 0-1: Fly out, F4 (Line Drive, 3, EV 72.5 MPH)
|
|
Batting: SHB Morgan Batson
|
0-0: Called Strike 0-1: Ball 1-1: Ball Wild Pitch! Steve Gilliam scores Mike Clark to second 2-1: Ground out U3 (Groundball, 34S, EV 91.9 MPH) Mike Clark to third
|
|
Batting: LHB Jeremy Brammer
|
0-0: Foul Ball, location: 2F 0-1: Swinging Strike 0-2: Ball 1-2: Fly out, F9 (Flyball, 89M, EV 91.9 MPH)
|
| Bottom of the 7th over - 1 run, 1 hit, 1 error, 1 left on base; Auburn 0 - Boise 7 |
| TOP OF THE 8TH |
|
Auburn Doubledays batting - Pitching for Boise Hawks : RHP Zach Sommer
|
|
Batting: LHB Adam Jacobs
|
0-0: Called Strike 0-1: Foul Ball, location: 2F 0-2: Hit by Pitch
|
|
Batting: RHB John Savard
|
0-0: SINGLE (Groundball, 56, EV 104.4 MPH) Adam Jacobs to second
|
|
Batting: SHB Gabe Fraunfelder
|
0-0: Called Strike 0-1: Foul Ball, location: 2F 0-2: Ball 1-2: Strikes out swinging
|
|
Pitching: RHP Dane Long
|
|
|
Batting: LHB Kyung-jin Cho
|
0-0: Ball Wild Pitch! Adam Jacobs to third John Savard to second 1-0: Ball Wild Pitch! Adam Jacobs scores John Savard to third 2-0: Called Strike Balk! John Savard scores 2-1: Foul Ball, location: 2F 2-2: Strikes out swinging
|
|
Batting: RHB Nick Moreno
|
0-0: Ground out 6-3 (Groundball, 6, EV 83.8 MPH)
|
| Top of the 8th over - 2 runs, 1 hit, 0 errors, 0 left on base; Auburn 2 - Boise 7 |
| BOTTOM OF THE 8TH |
|
Boise Hawks batting - Pitching for Auburn Doubledays : RHP Caleb Westbay
|
|
Batting: LHB Eric Zacher
|
0-0: Foul Ball, location: 2F 0-1: Hit by Pitch
|
|
Batting: RHB Josh Martin
|
0-0: Ball 1-0: Ball 2-0: Ball 3-0: Called Strike 3-1: Foul Ball, location: 2F 3-2: Base on Balls Eric Zacher to second
|
|
Pitching: RHP Brent Wainwright
|
|
|
Batting: RHB Chris Kinder
|
0-0: Grounds into double play, 6-4-3 (Groundball, 6, EV 98.8 MPH) Eric Zacher to third
|
|
Batting: RHB Matt Cone
|
0-0: Ball 1-0: Ball 2-0: Ground out 5-3 (Groundball, 56S, EV 76.9 MPH)
|
| Bottom of the 8th over - 0 runs, 0 hits, 0 errors, 1 left on base; Auburn 2 - Boise 7 |
| TOP OF THE 9TH |
|
Auburn Doubledays batting - Pitching for Boise Hawks : RHP Dane Long
|
|
Batting: RHB Steve Bauman
|
0-0: Ball 1-0: Ball 2-0: Ball 3-0: Called Strike 3-1: Base on Balls
|
|
Batting: SHB Curtis DeLille
|
0-0: Swinging Strike 0-1: Ball 1-1: Foul Ball, location: 2F 1-2: Ball 2-2: Grounds into double play, 4-6-3 (Groundball, 34, EV 103.1 MPH)
|
|
Batting: RHB Gabe Almazan
|
0-0: Called Strike 0-1: Ball 1-1: Ball 2-1: SOLO HOME RUN (Flyball, 9D, EV 95.0 MPH), Distance : 349 ft
|
|
Batting: LHB Yoshiya Kurokawa
|
0-0: Ball 1-0: Called Strike 1-1: Ball 2-1: Ball 3-1: Swinging Strike 3-2: Foul Ball, location: 2F 3-2: Foul Ball, location: 2F 3-2: Strikes out swinging
|
| Top of the 9th over - 1 run, 1 hit, 0 errors, 0 left on base; Auburn 3 - Boise 7 |
|